 Dungeon Crawl Stone Soup version 0.25-a0-1133-g93ebf739aa (webtiles) character file.

Game seed: 1074637042509006421, levelgen mode: deterministic

74 Lanoc the Chopper (level 4, -3/37 HPs)
             Began as a Ghoul Gladiator on May 22, 2020.
             Was a Believer of Uskayaw.
             Shot with a sling bullet by a goblin (7 damage)
             ... on level 3 of the Dungeon.
             The game lasted 00:02:14 (1866 turns).

Lanoc the Chopper (Ghoul Gladiator)                 Turns: 1866, Time: 00:02:15

Health: -3/37      AC:  5    Str: 17    XL:     4   Next: 30%
Magic:  4/4        EV: 12    Int:  3    God:    Uskayaw [**....]
Gold:   112        SH:  0    Dex: 11    Spells: 3/3 levels left

rFire    . . .     SeeInvis .   a - +0 war axe
rCold    + . .     Gourm    .   (no shield)
rNeg     + + +     Faith    .   b - +0 leather armour
rPois    ∞         Spirit   .   c - +0 helmet
rElec    .         Reflect  .   (no cloak)
rCorr    .         Harm     .   g - +0 pair of gloves
MR       .....                  (no boots)
Stlth    +.........             (no amulet)
HPRegen  0.00/turn              (no ring)
MPRegen  0.09/turn              (no ring)

@: rotting
A: rotting body, claws 1, carnivore, cold resistance 1, negative energy
resistance 3, inhibited regeneration, torment resistance, unbreathing
a: Stomp, Line Pass, Renounce Religion


You were on level 3 of the Dungeon.
You worshipped Uskayaw.
Uskayaw was noncommittal.
You were not hungry.

You visited 1 branch of the dungeon, and saw 3 of its levels.

You collected 112 gold pieces.

Inventory:

Hand Weapons
 a - a +0 war axe (weapon)
Missiles
 d - 2 throwing nets (quivered)
Armour
 b - a +0 leather armour (worn)
 c - a +0 helmet (worn)
 g - a +0 pair of gloves (worn)
Scrolls
 e - 4 scrolls of identify {unknown}
 j - a scroll of remove curse {unknown}
 k - a scroll of noise {unknown}
Potions
 h - a potion of lignification {unknown}
 i - 2 potions of might {unknown}
 l - 2 potions of invisibility {unknown}
Comestibles
 f - 4 rations


   Skills:
 + Level 2.8 Fighting
 * Level 3.5 Axes
 - Level 1.7 Throwing
 + Level 3.1 Dodging
 * Level 1.7 Invocations


You had 3 spell levels left.
You didn't know any spells.
Your spell library was empty.

Dungeon Overview and Level Annotations

Branches:
Dungeon (3/15)

Altars:
Hepliaklqana
Uskayaw

Annotations:
D:3 Ijyb


Innate Abilities, Weirdness & Mutations

Your body is rotting away.
You thrive on raw meat.
You are immune to poison.
You have sharp fingernails.
You are carnivorous and can eat meat at any time.
Your flesh is cold resistant. (rC+)
You are immune to negative energy. (rN+++)
You do not regenerate when monsters are visible.
You are immune to unholy pain and torment.
You can survive without breathing.


Message History

Ijyb struggles against the net.
You hit Ijyb.
Ijyb is heavily wounded.
Ijyb drinks a potion.
Ijyb is healed!
Ijyb struggles against the net.
The goblin shoots a sling bullet.
The sling bullet barely misses you.
You slash Ijyb!
Ijyb is moderately wounded.
The goblin shoots a sling bullet.
The sling bullet barely misses you.
Ijyb struggles against the net.
You can now pass through a line of other dancers.
Your leather armour prevents you from hitting Ijyb.
Ijyb is moderately wounded.
Ijyb struggles against the net.
The goblin shoots a sling bullet.
The sling bullet barely misses you.
You hit Ijyb.
Ijyb is severely wounded.
Ijyb struggles against the net.
The net rips apart, and Ijyb comes free!
The goblin shoots a sling bullet.
The sling bullet hits you!
You die...

..... ..... #. ##..... #.#
#.....$ ############.#
#...... #....@g....#.#
#...... ...####..........#.#
#...... .......<...g)....#.#
#......
.....##..).......#.###g.....
... ######.#####.g.(.#.... .
#..# #(.######.## ##.###..#
.# ######..#...# #
........g#...#


You could see Ijyb and a goblin.

Vanquished Creatures
  Jessica (D:2)
  2 adders (D:2)
  A dart slug (D:2)
  2 leopard geckos
  An orc (D:3)
  A bat (D:2)
  A giant cockroach (D:1)
  3 goblins
  3 hobgoblins
  3 jackals (D:1)
  A quokka (D:2)
  A ball python (D:2)
  A frilled lizard (D:1)
  2 kobolds
  2 rats
25 creatures vanquished.

Notes
Turn   | Place    | Note
-------+----------+-------------------------------------------
     0 | D:1      | Lanoc the Ghoul Gladiator began the quest for the Orb.
     0 | D:1      | Reached XP level 1. HP: 17/17 MP: 0/0
   327 | D:1      | Reached XP level 2. HP: 25/25 MP: 1/1
   403 | D:2      | Found a hide-covered altar of Uskayaw.
   407 | D:2      | Noticed Jessica
   410 | D:2      | Became a worshipper of Uskayaw the Reveler
   416 | D:2      | Reached * piety under Uskayaw
   422 | D:2      | Killed Jessica
   422 | D:2      | Reached skill level 1 in Invocations
   422 | D:2      | Reached XP level 3. HP: 18/30 MP: 2/2
   898 | D:2      | Reached ** piety under Uskayaw
  1100 | D:2      | Reached XP level 4. HP: 36/36 MP: 4/4
  1254 | D:2      | Found a hazy altar of Hepliaklqana.
  1654 | D:3      | Noticed Ijyb
  1866 | D:3      | Shot with a sling bullet by a goblin

Illustrated notes

Levels and vault maps discovered:
D:1:      dpeg_arrival_more_subterranean_lakeside_camping, layout_basic
D:2:      layout_basic, marbit_many_paths, eat_drink_and_be_merry_uskayaw,
          uniq_jessica
D:3:      layout_rooms, gammafunk_temple_overflow_arena, portal_sewer_entry_f,
          uniq_ijyb

Skill      XL: |  1  2 |
---------------+-------+-----
Axes           | 3 |  3.5
Dodging        | 3 |  3.1
Invocations    | 1 |  1.7
Fighting       | |  2.8
Throwing       | |  1.7

Action                   |  1- 3 |  4- 6 || total
-------------------------+-------+-------++-------
Melee: War axe           |    58 |    30 ||    88
Throw: Throwing net      |       |     1 ||     1
  Eat: Chunk             |     6 |     4 ||    10
Armor: Leather armour    |    21 |    10 ||    31
Dodge: Dodged            |    49 |    31 ||    80

Table legend:
 A = Non-vault XP
 B = Vault XP
 C = Vault XP percentage of total XP
 D = Non-vault monster count
 E = Vault monster count
 F = Vault count percentage of total count
                 A         B        C        D         E       F
            +---------+---------+-------+---------+---------+-------
      Total |      69 |      38 |  35.5 |      23 |       2 |   8.0
            +---------+---------+-------+---------+---------+-------
        D:1 |      15 |       0 |   0.0 |       9 |       0 |   0.0
        D:2 |      46 |      38 |  45.2 |      11 |       2 |  15.4
        D:3 |       8 |       0 |   0.0 |       3 |       0 |   0.0
            +---------+---------+-------+---------+---------+-------
